 Dungeon Crawl Stone Soup version 0.22-a0-825-ga28c36f (webtiles) character file.

4841 inc the Thaumaturge (level 10, -10/79 HPs)
             Began as a Mummy Conjurer on July 24, 2018.
             Was an Initiate of Gozag.
             Killed from afar by Erica (17 damage)
             ... with an orb of energy
             ... on level 9 of the Dungeon.
             The game lasted 00:24:19 (13006 turns).

inc the Thaumaturge (Mummy Conjurer)               Turns: 13006, Time: 00:24:20

Health: -10/79     AC:  5    Str: 11    XL:     10   Next: 25%
Magic:  2/23       EV: 12    Int: 17    God:    Gozag
Gold:   969        SH:  7    Dex: 14    Spells: 13/28 levels left

rFire    x . .     SeeInvis .   F - staff of conjuration (curse)
rCold    + + .     Gourm    .   K - +2 buckler
rNeg     + + +     Faith    .   J - +0 robe {rC+}
rPois    ∞         Spirit   .   (no helmet)
rElec    .         Reflect  .   s - +0 cloak
rCorr    +         Harm     .   (no gloves)
MR       ++...                  l - +1 pair of boots
Stlth    ++........             (no amulet)
HPRegen  0.23/turn              A - ring of protection from magic
MPRegen  0.18/turn              j - ring of resist corrosion

@: slowed, very slow
A: no food or potions, fire vulnerability, cold resistance 1, negative energy
resistance 3, torment resistance, unbreathing
a: Potion Petition, Call Merchant, Bribe Branch, Renounce Religion


You were on level 9 of the Dungeon.
You worshipped Gozag.
Gozag was pleased with you.
You were not hungry.

You visited 2 branches of the dungeon, and saw 10 of its levels.

You collected 1074 gold pieces.
You paid 105 gold pieces to Gozag.

Inventory:

Hand Weapons
 c - a +0 spear
 k - a +0 short sword
 p - a +0 dire flail
 t - a -2 mace
Armour
 a - a +0 robe
 l - a +1 pair of boots (worn)
 s - a +0 cloak (worn)
 I - a cursed +0 scale mail
 J - a +0 robe of cold resistance (worn)
 K - a +2 buckler (worn)
Magical Staves
 F - a cursed staff of conjuration (weapon)
Jewellery
 g - an uncursed ring of positive energy
 i - an uncursed amulet of faith
 j - a ring of resist corrosion (right hand)
 q - an uncursed amulet of rage
 r - a +3 ring of strength
 A - a ring of protection from magic (left hand)
Wands
 e - a wand of polymorph (16)
 z - a wand of scattershot (10)
 C - a wand of iceblast (5)
 D - a wand of acid (9)
Scrolls
 b - 3 scrolls of identify
 d - a scroll of fear
 h - 3 scrolls of teleportation
 m - 2 scrolls of blinking
 n - 3 scrolls of noise
 o - 4 scrolls of amnesia
 u - 3 scrolls of random uselessness
 v - a scroll of immolation
 w - 2 scrolls of enchant weapon
 x - a scroll of enchant armour
 y - a scroll of fog
 E - a scroll of magic mapping
 G - 2 scrolls of remove curse
Potions
 f - a potion of haste
 B - 3 potions of curing
Miscellaneous
 H - a crystal ball of energy


   Skills:
 - Level 7.3 Fighting
 + Level 1.5 Dodging
 - Level 1.5 Stealth
 - Level 4.0 Shields
 - Level 9.5 Spellcasting
 - Level 7.2 Conjurations
 - Level 5.1 Hexes


You had 13 spell levels left.
You knew the following spells:

 Your Spells              Type           Power        Failure   Level  Hunger
a - Magic Dart            Conj           ####         1%          1    N/A
b - Searing Ray           Conj           #####.       1%          2    N/A
c - Iskenderun's Mystic   Conj           #####...     4%          4    N/A
d - Fulminant Prism       Conj/Hex       #####.....   7%          4    N/A
e - Force Lance           Conj/Tloc      ####....     21%         4    N/A

Your spell library contained the following spells:

 Spells                   Type           Power        Failure   Level  Hunger
 Stone Arrow              Conj/Erth      ####..       6%          3    N/A
 Passwall                 Tmut/Erth      #.......     14%         2    N/A
 Lee's Rapid Deconstruct  Erth           #.........   94%         5    N/A
 Sandblast                Erth           #.....       9%          1    N/A
 Petrify                  Tmut/Erth      #.......     65%         4    N/A
 Dazzling Spray           Conj/Hex       #####.       2%          3    N/A

Dungeon Overview and Level Annotations

Branches:
Dungeon (9/15)             Temple (1/1) D:7            Lair (0/6) D:9
    Orc: D:9-12

Altars:
Ashenzari
Cheibriados
Dithmenos
Elyvilon
Fedhas
Gozag
Hepliaklqana
Kikubaaqudgha
Makhleb
Nemelex Xobeh
Okawaru
Qazlal
Ru
Sif Muna
Trog
Uskayaw
Vehumet
Wu Jian
Xom
Yredelemnul
Zin
The Shining One

Shops:
D:6 *   D:8 !

Annotations:
D:6 Edmund
D:7 Hebeh's ghost, amateur DEFE
D:9 Erica; Pikel


Innate Abilities, Weirdness & Mutations

You do not eat or drink.
Your flesh is vulnerable to fire.
You are immune to poison.
Your flesh is cold resistant. (rC+)
You are immune to negative energy. (rN+++)
You are immune to unholy pain and torment.
You can survive without breathing.


Message History

Confirm with . or Enter, or press ? or * to list all spells.
Aiming: Fulminant Prism (safe; 7% risk of failure)
Press: ? - help, Dir - move target cursor You feel a surge of power!
You conjure a prism of explosive energy!
Your fulminant prism crackles loudly.
Erica gestures at you while chanting. The orb of energy hits you!
The orb of energy explodes!
Your magical contamination has completely faded away.
Your fulminant prism explodes!
The blast of energy engulfs Erica.
Erica is almost dead.
Erica gestures at you while chanting. The orb of energy hits you!
* * * LOW HITPOINT WARNING * * *
Unknown command.
Erica casts a spell at you. The orb of energy hits you!
You die...
Your body crumbles into a pile of gold.

#......# #.# ##.##
#...#.## #.# #.#
#.....####.# .#
##......@..# #+##
###.######## ##...##
#..@....######.....##
#.#.#...............#
#.#.#...####.........
# #.@......'.........
#.......##.........
###...#.##........#
#.#.#.##.#.....##
#.###.#.#.##.##...##
#............###'##
#########.#### #.#
#.######.#
#.#......####


You could see Erica.

Vanquished Creatures
  A hippogriff (D:9)
  A wyvern (D:9)
  A basilisk (D:9)
  A hungry ghost (D:7)
  Menkaure (D:4)
  An ice beast (D:9)
  2 orc warriors
  2 slaves (D:9)
  4 ogres
  4 phantoms
  7 centaurs
  A crocodile (D:9)
  A big kobold (D:9)
  Blork the orc (D:6)
  6 bullfrogs
  3 scorpions
  6 killer bees (D:8)
  3 wights (D:7)
  4 howler monkeys
  3 crimson imps
  2 bullfrog zombies
  A centaur zombie (D:7)
  2 jellies
  3 hounds
  Crazy Yiuf (D:4)
  6 orc priests
  6 orc wizards
  A bullfrog skeleton (D:5)
  10 worker ants
  A hound skeleton (D:6)
  A howler monkey zombie (D:8)
  5 gnolls
  A howler monkey skeleton (D:8)
  10 adders
  2 oozes
  An adder zombie (D:6)
  A worm (D:2)
  2 dart slugs
  10 leopard geckos
  26 orcs
  2 giant cockroaches (D:2)
  12 goblins
  14 hobgoblins
  7 jackals
  6 quokkas
  6 ball pythons
  A ball python skeleton (D:4)
  7 bats
  4 frilled lizards
  17 kobolds
  13 rats
234 creatures vanquished.

Vanquished Creatures (others)
  17 fulminant prisms
  3 fungi (D:9)
20 creatures vanquished.

Grand Total: 254 creatures vanquished

Notes
Turn   | Place    | Note
-------+----------+-------------------------------------------
     0 | D:1      | inc the Mummy Conjurer began the quest for the Orb.
     0 | D:1      | Reached XP level 1. HP: 13/13 MP: 4/4
    52 | D:1      | Reached skill level 3 in Spellcasting
    52 | D:1      | Reached XP level 2. HP: 19/19 MP: 0/6
   112 | D:1      | Learned a level 2 spell: Searing Ray
   567 | D:1      | Reached XP level 3. HP: 21/24 MP: 2/8
  1318 | D:1      | Reached skill level 4 in Spellcasting
  1600 | D:2      | Found a bloodstained altar of Trog.
  1701 | D:2      | Reached XP level 4. HP: 30/30 MP: 1/10
  1819 | D:2      | Found an ancient bone altar of Kikubaaqudgha.
  2203 | D:2      | Found a hide-covered altar of Uskayaw.
  2203 | D:2      | Noticed a hand axe
  2203 | D:2      | Noticed a dagger
  2692 | D:3      | Reached XP level 5. HP: 30/35 MP: 0/12
  2824 | D:3      | Found a transporter.
  2844 | D:3      | Found a transporter.
  2844 | D:3      | Found a stormy altar of Qazlal.
  2890 | D:3      | Reached skill level 5 in Spellcasting
  3657 | D:3      | Reached XP level 6. HP: 26/41 MP: 1/14
  4070 | D:4      | Noticed an orc warrior
  4086 | D:4      | Killed an orc warrior
  4086 | D:4      | Reached skill level 6 in Spellcasting
  4086 | D:4      | Reached skill level 5 in Conjurations
  4295 | D:4      | Found a burning altar of Makhleb.
  4559 | D:4      | Reached skill level 7 in Spellcasting
  4559 | D:4      | Reached XP level 7. HP: 31/46 MP: 5/17
  4908 | D:4      | Learned a level 4 spell: Iskenderun's Mystic Blast
  4918 | D:4      | Noticed Menkaure
  4922 | D:4      | Killed Menkaure
  5080 | D:4      | Found a runed door.
  5231 | D:4      | Noticed Crazy Yiuf
  5234 | D:4      | Killed Crazy Yiuf
  5234 | D:4      | Reached skill level 8 in Spellcasting
  5319 | D:5      | Entered Level 5 of the Dungeon
  5714 | D:5      | Reached XP level 8. HP: 52/52 MP: 6/20
  5949 | D:5      | Found an ornate altar of the Wu Jian Council.
  6483 | D:6      | Reached skill level 9 in Spellcasting
  6623 | D:6      | Found Gozag's Platinum Reserve.
  6624 | D:6      | Found an opulent altar of Gozag.
  6640 | D:6      | Became a worshipper of Gozag Ym Sagoz the Greedy
  6951 | D:6      | Reached skill level 1 in Fighting
  7030 | D:6      | Noticed Edmund
  7538 | D:6      | Noticed Blork the orc
  7549 | D:6      | Killed Blork the orc
  7947 | D:7      | Reached XP level 9. HP: 42/66 MP: 6/22
  8073 | D:7      | Found a runed gate.
  8073 | D:7      | Found a runed gate.
  8073 | D:7      | Found a runed gate.
  8109 | D:7      | Noticed Hebeh's ghost (amateur DEFE)
  8270 | D:7      | Reached skill level 5 in Fighting
  8300 | D:7      | Found a staircase to the Ecumenical Temple.
  8338 | Temple   | Entered the Ecumenical Temple
  8861 | D:7      | Found an ancient bone altar of Kikubaaqudgha.
  9297 | D:7      | Learned a level 4 spell: Fulminant Prism
  9302 | D:7      | Learned a level 4 spell: Force Lance
  9541 | D:7      | Reached skill level 1 in Hexes
 10060 | D:8      | Found Wydghi's Distillery.
 10179 | D:8      | Found a basalt altar of Yredelemnul.
 10210 | D:8      | Found a glowing golden altar of the Shining One.
 10944 | D:8      | HP: 2/72 [killer bee (9)]
 11655 | D:9      | Reached skill level 5 in Hexes
 12032 | D:9      | Reached skill level 1 in Shields
 12032 | D:9      | Reached XP level 10. HP: 73/79 MP: 5/23
 12033 | D:9      | Noticed Erica
 12386 | D:9      | Noticed Pikel
 12800 | D:9      | Found a staircase to the Lair.
 13006 | D:9      | Killed from afar by Erica

Vault maps used:
D:1:      dpeg_arrival_lava_altar, hex_large, minmay_hexomino_p4
D:2:      old_standard_altar, dancing_weapons_uskayaw,
          overflow_temple_1_default, first_ration, kennysheep_generic_room_14
D:3:      gammafunk_temple_overflow_arena
D:4:      bloody_makhleb, uniq_crazy_yiuf_cottage, uniq_menkaure
D:5:      old_standard_altar
D:6:      nicolae_gozag_zags_fifth_avenue, uniq_edmund, uniq_blork_the_orc
D:7:      minmay_temple_entry_junction_2, gammafunk_ghost_icy,
          lemuel_centaur_altar
D:8:      kennysheep_mini_moat, yredelemnul_altar_generic, serial_shops, shop,
          grunt_ogre_cave
D:9:      david_lair_generic, kennysheep_generic_room_15, uniq_pikel, uniq_erica
Temple:   nicolae_temple_figure_eight

Skill      XL: |  1  2  3  4  5  6  7  8  9 10 |
---------------+-------------------------------+-----
Spellcasting   | 3 4 5 7 8 9 |  9.5
Conjurations   | 4 5 6 7 |  7.2
Fighting       | 4 7 |  7.3
Hexes          | 5 |  5.1
Shields        | 1 4 |  4.0
Dodging        | |  1.5
Stealth        | |  1.5

Action                   |  1- 3 |  4- 6 |  7- 9 | 10-12 || total
-------------------------+-------+-------+-------+-------++-------
Melee: Spear             |    18 |       |       |       ||    18
       Short sword       |       |    52 |       |       ||    52
       Dire flail        |       |       |     4 |       ||     4
 Cast: Magic Dart        |    73 |   183 |   195 |    50 ||   501
       Searing Ray       |     4 |    11 |     9 |     1 ||    25
       Iskenderun's Myst |       |       |    87 |    16 ||   103
       Fulminant Prism   |       |       |     9 |     8 ||    17
Invok: Potion Petition   |       |       |     1 |       ||     1
  Use: Scroll            |       |       |    16 |       ||    16
Armor: Robe              |     4 |    19 |    20 |     6 ||    49
Dodge: Dodged            |    15 |    68 |    93 |    13 ||   189
Block: Buckler           |       |       |     2 |    11 ||    13

Table legend:
 A = Spawn XP
 B = Non-spawn XP
 C = Spawn XP percentage of total XP
 D = Spawn monster count
 E = Non-spawn monster count
 F = Spawn count percentage of total count
 G = Total turns spent on level
                    A         B        C        D         E        F      G
               +---------+---------+-------+---------+---------+-------+---------
         Total |       0 |    6917 |   0.0 |       0 |     232 |   0.0 | 13006
               +---------+---------+-------+---------+---------+-------+---------
           D:1 |       0 |      68 |   0.0 |       0 |      34 |   0.0 |  1502
           D:2 |       0 |     113 |   0.0 |       0 |      41 |   0.0 |  1645
           D:3 |       0 |     221 |   0.0 |       0 |      28 |   0.0 |   911
           D:4 |       0 |     854 |   0.0 |       0 |      24 |   0.0 |  1261
           D:5 |       0 |     470 |   0.0 |       0 |       9 |   0.0 |  1359
           D:6 |       0 |     926 |   0.0 |       0 |      20 |   0.0 |  1256
           D:7 |       0 |    1577 |   0.0 |       0 |      32 |   0.0 |  2370
           D:8 |       0 |     931 |   0.0 |       0 |      18 |   0.0 |  1150
           D:9 |       0 |    1757 |   0.0 |       0 |      26 |   0.0 |  1373
               +---------+---------+-------+---------+---------+-------+---------
